 Dungeon Crawl Stone Soup version 0.17-a0-1635-gd4e48f1 (webtiles) character file.

38028 mrath the Cleaver (level 13, 0/116 HPs)
             Began as a Minotaur Fighter on Aug 4, 2015.
             Was a High Priest of Okawaru.
             Slain by a death yak (18 damage)
             ... on level 7 of the Lair of Beasts on Aug 5, 2015.
             The game lasted 02:49:10 (22673 turns).

mrath the Cleaver (Minotaur Fighter)               Turns: 22673, Time: 02:49:10

Health: 0/116      AC: 28    Str: 27    XL:     13   Next: 61%
Magic:  16/18      EV: 12    Int:  8    God:    Okawaru [*****.]
Gold:   611        SH: 23    Dex: 12    Spells: 0 memorised, 12 levels left

rFire  . . .     SeeInvis .     I - +11 war axe of Muolulic {chop, Str+3 Int+3 Stlth+}
rCold  . . .     Clarity  .     h - +0 plate armour
rNeg   . . .     SustAt   .     f - +2 large shield
rPois  +         Gourm    +     o - +2 hat
rElec  .         Spirit   .     q - +0 cloak {+Inv}
rCorr  .         Warding  .     T - +0 pair of gloves {archery}
rMut   .         Stasis   .     y - +2 pair of boots {Stlth+}
MR     .....                    Z - amulet of the gourmand
Stlth  ..........               L - +2 ring of protection
                                N - ring of poison resistance

@: heroism, not resistant to hostile enchantments, extremely unstealthy
A: retaliatory headbutt, horns 2
a: Heroism, Finesse, Renounce Religion, Evoke Invisibility


You were on level 7 of the Lair of Beasts.
You worshipped Okawaru.
Okawaru was extremely pleased with you.
You were completely stuffed.

You visited 3 branches of the dungeon, and saw 19 of its levels.

You collected 974 gold pieces.
You spent 363 gold pieces at shops.

Inventory:

Hand weapons
 j - a +3 flail
 w - a +2 hunting sling of flaming
 E - a +1 whip of pain
 I - the +11 war axe of Muolulic (weapon) {chop, Str+3 Int+3 Stlth+}
   (You found it on level 4 of the Lair of Beasts)

   It inflicts extra damage upon your enemies.
   It affects your strength (+3).
   It affects your intelligence (+3).
   It makes you more stealthy.
 P - a +0 blowgun
Missiles
 d - 11 poisoned javelins (quivered)
 n - 113 sling bullets
 G - 24 poisoned needles
 Y - 13 tomahawks
Armour
 f - a +2 large shield (worn)
 h - a +0 plate armour (worn)
 o - a +2 hat (worn)
 q - a +0 cloak of invisibility (worn)
 y - a +2 pair of boots of stealth (worn)
 T - a +0 pair of gloves of archery (worn)
Jewellery
 r - an uncursed ring of stealth
 t - an uncursed ring of ice
 u - an uncursed amulet of warding
 B - a +2 ring of dexterity
 F - an uncursed amulet of resist corrosion
 L - a +2 ring of protection (right hand)
 N - a ring of poison resistance (left hand)
 U - an uncursed amulet of resist mutation
 V - an uncursed ring of protection from cold
 W - an uncursed ring of sustain attributes
 Z - an amulet of the gourmand (around neck)
Magical devices
 p - a wand of confusion (28)
 x - a wand of cold (15)
 H - a wand of paralysis (9)
 Q - a wand of disintegration (17)
Scrolls
 g - 5 scrolls of fog
 M - 2 scrolls of blinking
 R - 5 scrolls of teleportation
 S - 2 scrolls of fear
 X - 3 scrolls of remove curse
Potions
 a - a potion of resistance {unknown}
 b - a potion of cure mutation {unknown}
 l - a potion of curing
 m - 2 potions of flight
 s - a potion of cancellation {unknown}
 z - a potion of berserk rage {unknown}
 A - a potion of mutation {unknown}
 C - 3 potions of heal wounds
 D - a potion of haste {unknown}
 K - a potion of degeneration {unknown}
 O - a potion of might
Miscellaneous
 c - a legendary deck of wonders
 v - a stone of tremors
Comestibles
 e - 6 bread rations
 i - 7 beef jerkies
 k - 9 meat rations
 J - 10 fruits


   Skills:
 + Level 11.0(16.0) Fighting
 + Level 14.2(19.2) Axes
 + Level 7.3(12.3) Throwing
 + Level 11.3(16.3) Armour
 + Level 9.2(14.2) Dodging
 + Level 10.6(15.6) Shields
 + Level 8.6 Invocations


You had 12 spell levels left.
You didn't know any spells.

Dungeon Overview and Level Annotations

Branches:
Dungeon (11/15)            Temple (1/1) D:5            Lair (7/8) D:10
  Swamp (0/4) Lair:5        Snake (0/4) Lair:4        Slime (0/6) Lair:7
    Orc (0/4) D:9

Altars:
Ashenzari
Cheibriados
Dithmenos
Elyvilon
Gozag
Kikubaaqudgha
Okawaru
Qazlal
Ru
Sif Muna
Vehumet
Xom
Zin
The Shining One
Beogh

Shops:
D:9 [(}

Annotations:
D:11 Nergalle


Innate Abilities, Weirdness & Mutations

You reflexively headbutt those who attack you in melee.
You have a pair of horns on your head.


Message History

The death yak is almost dead.
You slash the death yak!
The death yak is heavily wounded.
You hit the death yak but do no damage.
The death yak is severely wounded.
You slice the death yak!!
The death yak is almost dead.
You slash the death yak!
You kill the death yak!
Okawaru accepts your kill.
Your base Fighting skill increases to level 11!
The death yak gores you!!
* * * LOW HITPOINT WARNING * * *
The death yak gores you.
* * * LOW HITPOINT WARNING * * *
You block the death yak's attack.
Use which ability? (? or * to list)
You fail to use your ability.
The death yak closely misses you. You furiously retaliate!
You headbutt the death yak. The death yak gores you!!
You die...

..............................
..............................
..............PPP..####...#.#.
...............P.### ##....##.
................## ##.#...##.
...............P.####.#...###.
...........)......#[..#P..P###
...........†.Y........[...#.#
.....###P#Y@Y.>.............
..... ####Y...##.#.#...##PP
#......######.......
P..#....## #.......
...........# .#...P.##
........... ......####
..P#...............#..
.###.....#####.P...... #.....
##.......


You could see 4 death yaks.

Vanquished Creatures
  Rupert (Lair:7)
  Snorg (D:11)
  Josephine (D:11)
  3 hydras
  A catoblepas (Lair:5)
  5 death yaks
  A hill giant (D:10)
  4 black mambas
  12 spiny frogs
  8 komodo dragons
  4 fire drakes
  4 trolls
  4 blink frogs (Lair:5)
  A wyvern (Lair:7)
  2 two-headed ogres
  3 basilisks
  29 yaks
  A hungry ghost (D:7)
  6 wraiths
  15 wolves
  A mottled dragon (Lair:2)
  3 nagas (Lair:4)
  4 hippogriffs
  Menkaure (D:6)
  6 water moccasins
  10 porcupines
  4 orc warriors
  2 sky beasts (D:10)
  An ice beast (D:5)
  3 black bears
  A phantom (D:8)
  A necrophage (D:10)
  3 ogres
  5 centaurs
  9 crocodiles
  A brain worm (Lair:6)
  21 giant frogs
  3 big kobolds
  A wyvern skeleton (D:7)
  2 scorpions
  6 killer bees
  8 wights
  An electric eel (D:10)
  2 crimson imps
  14 hounds
  2 centaur zombies
  2 giant frog skeletons (D:7)
  3 jellies
  8 worker ants
  7 orc priests
  2 centaur skeletons
  10 orc wizards
  6 iguanas
  18 sheep
  2 killer bee zombies (D:9)
  A hound zombie (D:9)
  7 gnolls
  9 adders
  43 river rats
  4 shadow imps
  An adder zombie (D:10)
  2 worms (D:4)
  2 adder skeletons
  7 giant geckos
  35 orcs
  4 bats
  8 goblins
  6 hobgoblins
  3 jackals
  3 quokkas
  2 ball pythons
  9 giant cockroaches
  A giant cockroach zombie (D:3)
  5 giant newts
  2 jackal skeletons
  A jackal zombie (D:5)
  21 kobolds
  A quokka skeleton (D:5)
  7 rats
  5 fungi
  2 plants (Lair:7)
470 creatures vanquished.

Vanquished Creatures (others)
  An orc wizard (D:9)
  2 bushes (Lair:2)
  17 fungi
  6 plants
26 creatures vanquished.

Grand Total: 496 creatures vanquished

Notes
Turn   | Place    | Note
--------------------------------------------------------------
     0 | D:1      | mrath the Minotaur Fighter began the quest for the Orb.
     0 | D:1      | Reached XP level 1. HP: 19/19 MP: 0/0
   173 | D:1      | Reached XP level 2. HP: 26/26 MP: 1/1
   745 | D:1      | Reached skill level 4 in Axes
  1037 | D:2      | Reached XP level 3. HP: 31/31 MP: 2/2
  1646 | D:3      | Reached skill level 5 in Axes
  1747 | D:3      | Reached XP level 4. HP: 33/39 MP: 3/3
  2049 | D:3      | Found a faded altar to an unknown god.
  2345 | D:3      | Reached skill level 6 in Axes
  2489 | D:4      | Noticed an ogre
  2620 | D:4      | Reached XP level 5. HP: 19/45 MP: 4/4
  2871 | D:4      | Reached skill level 7 in Axes
  2973 | D:4      | Noticed a giant frog
  2982 | D:4      | Killed a giant frog
  2982 | D:4      | Reached XP level 6. HP: 45/51 MP: 5/5
  2998 | D:4      | Found a sacrificial altar of Ru.
  2998 | D:4      | Found a radiant altar of Vehumet.
  3007 | D:4      | Found an opulent altar of Gozag.
  3007 | D:4      | Found an ancient bone altar of Kikubaaqudgha.
  3010 | D:4      | Found a shadowy altar of Dithmenos.
  3167 | D:4      | Noticed an orc warrior
  3181 | D:4      | Reached skill level 8 in Axes
  3182 | D:4      | Killed an orc warrior
  3183 | D:4      | Killed an ogre
  3183 | D:4      | Reached skill level 9 in Axes
  3183 | D:4      | Reached XP level 7. HP: 34/57 MP: 6/6
  4062 | D:5      | Entered Level 5 of the Dungeon
  4073 | D:5      | Reached skill level 10 in Axes
  4339 | D:5      | Found a staircase to the Ecumenical Temple.
  4349 | Temple   | Entered the Ecumenical Temple
  4356 | Temple   | Became a worshipper of Warmaster Okawaru
  4774 | D:5      | Reached skill level 11 in Axes
  4932 | D:5      | Reached XP level 8. HP: 54/66 MP: 7/7
  5070 | D:5      | Acquired Okawaru's first power
  5469 | D:5      | Reached skill level 1 in Dodging
  5469 | D:5      | Reached skill level 1 in Invocations
  5489 | D:6      | Noticed Menkaure
  5497 | D:6      | Killed Menkaure
  5742 | D:6      | Identified the Tome of the Rocks and Summoning
  6557 | D:7      | Reached skill level 5 in Armour
  6593 | D:6      | Reached skill level 5 in Fighting
  6766 | D:7      | Got a distressingly furry robe
  6794 | D:7      | Reached skill level 5 in Shields
  7160 | D:7      | Reached XP level 9. HP: 74/74 MP: 9/9
  7964 | D:7      | Found a glowing golden altar of the Shining One.
  8404 | D:8      | Found a glowing silver altar of Zin.
  8404 | D:8      | Found a stormy altar of Qazlal.
  9065 | D:9      | Reached skill level 1 in Throwing
  9116 | D:9      | Reached skill level 12 in Axes
  9192 | D:9      | Found Dimaefi's Gadget Emporium.
  9558 | D:9      | Found a staircase to the Orcish Mines.
  9591 | D:9      | Found Farudeq's Antique Weapon Boutique.
  9622 | D:9      | Found Meupn's Armour Shop.
  9649 | D:9      | Bought a +0 cloak of invisibility for 149 gold pieces
  9649 | D:9      | Bought a +2 pair of boots for 214 gold pieces
 10191 | D:9      | Reached XP level 10. HP: 81/84 MP: 9/12
 10524 | D:9      | Found a roughly hewn altar of Beogh.
 10620 | D:10     | Entered Level 10 of the Dungeon
 10655 | D:10     | You fall through a shaft!
 10655 | D:11     | Noticed Josephine
 10666 | D:11     | Received a gift from Okawaru
 10671 | D:11     | Killed Josephine
 10671 | D:11     | Reached skill level 5 in Dodging
 10731 | D:11     | Received a gift from Okawaru
 10731 | D:11     | Reached skill level 5 in Invocations
 10741 | D:11     | Noticed Snorg
 10754 | D:11     | Killed Snorg
 10903 | D:11     | Noticed Nergalle
 11029 | D:10     | Noticed a hill giant
 11044 | D:10     | Killed a hill giant
 11044 | D:10     | Received a gift from Okawaru
 11044 | D:10     | Reached XP level 11. HP: 71/94 MP: 11/14
 12458 | D:10     | Found a staircase to the Lair.
 12994 | D:10     | Acquired Okawaru's second power
 12994 | D:10     | Received a gift from Okawaru
 13041 | Lair:1   | Entered Level 1 of the Lair of Beasts
 13415 | Lair:1   | Received a gift from Okawaru
 14540 | Lair:2   | Received a gift from Okawaru
 14556 | Lair:2   | Got a crystal short sword {god gift}
 14602 | Lair:2   | Reached skill level 13 in Axes
 14782 | Lair:2   | Reached skill level 5 in Throwing
 15200 | Lair:2   | Reached XP level 12. HP: 90/104 MP: 8/16
 15212 | Lair:2   | Received a gift from Okawaru
 15668 | Lair:2   | Identified the +11 short sword of Invincibility {freeze, +Inv rElec} (Okawaru gifted it to you on level 2 of the Lair of Beasts)
 15669 | Lair:2   | Identified a +3 rod of inaccuracy (10/10) (You found it on level 8 of the Dungeon)
 17176 | Lair:4   | Received a gift from Okawaru
 17495 | Lair:4   | Got an ichor-stained war axe
 17505 | Lair:4   | Identified the +11 war axe of Muolulic {chop, Str+3 Int+3 Stlth+} (You found it on level 4 of the Lair of Beasts)
 17881 | Lair:4   | Found a staircase to the Snake Pit.
 17909 | Lair:4   | Reached skill level 10 in Armour
 18649 | Lair:5   | Reached skill level 10 in Fighting
 18880 | Lair:4   | Noticed a six-headed hydra
 19031 | Lair:5   | Found a staircase to the Swamp.
 19404 | Lair:5   | Reached XP level 13. HP: 112/114 MP: 17/17
 19652 | Lair:5   | Noticed a catoblepas
 19673 | Lair:5   | Killed a catoblepas
 19901 | Lair:5   | Noticed a seven-headed hydra
 19912 | Lair:5   | Killed a seven-headed hydra
 19912 | Lair:5   | Reached skill level 10 in Shields
 21194 | Lair:6   | Identified a scroll of acquirement
 21602 | Lair:7   | Noticed Rupert
 21607 | Lair:7   | Paralysed by Rupert for 5 turns
 21624 | Lair:7   | Killed Rupert
 21624 | Lair:7   | Received a gift from Okawaru
 21624 | Lair:7   | Reached skill level 14 in Axes
 22415 | Lair:7   | Received a gift from Okawaru
 22601 | Lair:7   | Found a staircase to the Slime Pits.
 22673 | Lair:7   | Slain by a death yak

Vault maps used:
D:1:      moated_graveyard_arrival, hangedman_glass_teeth
D:3:      ecumenical_altar_2, first_bread, item_on_display_a
D:4:      minitemple, gup_sewer_entry_spiral
D:5:      minmay_temple_entry_poolview
D:6:      uniq_menkaure
D:7:      tso_altar
D:8:      amethyst_overflow_temple_binary
D:9:      minmay_orc_entry_temple_small, serial_shops, nicolae_shop_waterfront,
          nicolae_shop_temple_entry_statues_fountains, shop, grunt_ogre_cave
D:10:     erik_lair_island, minmay_item_behind_shaft
D:11:     uniq_snorg, uniq_urug, uniq_nergalle, uniq_josephine
Temple:   triangle_lava_temple_11
Lair:2:   bobbens_dragon_lair_wall, grunt_megastairs_4
Lair:4:   guppyfry_snake_entry_island
Lair:5:   minmay_swamp_entry_reptiles, minmay_holes, infiniplex_staircase_pool,
          grunt_megastairs_3
Lair:6:   bh_autumn_forest_stairs
Lair:7:   slime_dummy, lemuel_fruit_tree, uniq_rupert

Action                   |  1- 3 |  4- 6 |  7- 9 | 10-12 | 13-15 || total
-------------------------+-------+-------+-------+-------+-------++-------
Melee: War axe           |   101 |    68 |   353 |   601 |   145 ||  1268
       Blowgun           |       |       |    25 |       |       ||    25
       Flail             |       |       |       |       |    24 ||    24
 Fire: Hunting sling     |       |       |     3 |    15 |       ||    18
       Blowgun           |       |       |     7 |    97 |     7 ||   111
Throw: Stone             |       |     5 |    17 |     2 |       ||    24
       Tomahawk          |       |       |       |    15 |     4 ||    19
Invok: Heroism           |       |       |     4 |     9 |     4 ||    17
       Finesse           |       |       |       |     3 |     2 ||     5
  Use: Scroll            |       |     9 |     9 |    10 |     7 ||    35
       Potion            |       |     2 |     1 |     3 |     2 ||     8
  Eat: Chunk             |     3 |     1 |    10 |    30 |     7 ||    51
       Beef jerky        |       |     2 |       |     1 |       ||     3
       Royal jelly       |       |       |     1 |     1 |       ||     2
       Bread ration      |       |       |     2 |     2 |     2 ||     6
       Pizza             |       |       |     2 |     1 |       ||     3
       Fruit             |       |       |       |     2 |       ||     2
